Warning! The script has encountered some errors when parsing the replay. Please report them to the . » details
0x00, prev: 0x16: 16 02 06 00 A8 2D 00 00 81 40 03 00 09 61 00 00 9A 8D 04 00 9D 6A 00 00 05 F1 00 00 F8 4B 00 00 01 3C 05 00 FA 60 00 00 5F 3C 05 00 A1 66 00 00 30 3C 05 00 [00] 00 00 00 00 00 00 00 00 00 00 00 00 00 00 00 00 00 00 00 00 00 00 00 00 00 04 1F 00 12 18 00 03 00 0D 00 FF FF FF FF FF FF FF FF 90 A9 60 C2 08 91 0E C5 FF FF FF FF FF FF FF FF
0x00, prev: 0x00: 16 02 06 00 A8 2D 00 00 81 40 03 00 09 61 00 00 9A 8D 04 00 9D 6A 00 00 05 F1 00 00 F8 4B 00 00 01 3C 05 00 FA 60 00 00 5F 3C 05 00 A1 66 00 00 30 3C 05 00 00 00 00 00 00 00 00 00 00 00 00 00 00 00 00 00 00 00 00 00 00 00 00 00 [00] 00 04 1F 00 12 18 00 03 00 0D 00 FF FF FF FF FF FF FF FF 90 A9 60 C2 08 91 0E C5 FF FF FF FF FF FF FF FF
0x00, prev: 0x01: 16 02 03 00 9D 6A 00 00 05 F1 00 00 7A 4E 00 00 6E 3E 03 00 C2 73 00 00 7F 3E 03 00 00 00 00 00 00 00 00 00 00 00 00 00 00 00 00 00 00 00 00 00 00 00 00 00 01 [00] 04 1F 00 12 18 00 03 00 0D 00 FF FF FF FF FF FF FF FF DC 5B 6E 45 8F F5 5A C5 FF FF FF FF FF FF FF FF
General information
- name: BNet
- type: Ladder team game (AT/RT)
- host: Battle.net
- saver: brucewillisusa
map: MarketSquare
- players: 8
- length: 13:47
- speed: Fast
- version: 1.23 W3XP
- replay type: Public
» download(85 KB)
Players
team 1 (loser)

»
TeamKillerx (
yellow | 75 APM | 624 actions | 08:18)
4 Goblin Tinker
2 Pocket Factory
2 Engineering Upgrade
1 Dreadlord
1 Sleep
» actions
| Assign group hotkey | 8 | |
| Basic commands | 17 | |
| Build / train | 62 | |
| Enter build submenu | 19 | |
| Enter hero's abilities submenu | 5 | |
| Give item / drop item | 1 | |
| Right click | 222 | |
| Select / deselect | 186 | |
| Select group hotkey | 35 | |
| Use ability | 69 | |
624 total
» units
| Acolyte | 18 | |
| Ghoul | 7 | |
| Crypt Fiend | 5 | |
| Obsidian Statue | 1 | |
31 total
» upgrades
| Creature Attack | 2 | |
| Web | 1 | |
| Creature Carapace | 1 | |
4 total
» buildings
| Graveyard | 1 | |
| Crypt | 1 | |
| Ziggurat | 11 | |
| Altar of Darkness | 2 | |
| Nerubian Tower | 3 | |
| Necropolis | 1 | |
| Halls of the Dead | 3 | |
| Spirit Tower | 7 | |
| Black Citadel | 1 | |
| Tomb of Relics | 1 | |
| Sacrificial Pit | 1 | |
| Slaughterhouse | 1 | |
33 total
» build order
00:09 Graveyard
00:12 Crypt
00:40 Ziggurat
00:59 Altar of Darkness
01:03 Altar of Darkness
01:27 Ziggurat
02:38 Ziggurat
03:02 Nerubian Tower
03:03 Nerubian Tower
03:56 Necropolis
05:04 Ziggurat
05:15 Ziggurat
05:41 Halls of the Dead
05:41 Halls of the Dead
05:58 Spirit Tower
06:02 Ziggurat
06:13 Ziggurat
06:15 Nerubian Tower
06:55 Spirit Tower
06:57 Halls of the Dead
07:05 Spirit Tower
07:40 Ziggurat
08:18 Spirit Tower
» items
| Scroll of Town Portal | 4 | |
| Potion of Healing | 1 | |
5 total
vennominaga (
green | 31 APM | 40 actions | 01:17)
» actions
| Build / train | 6 | |
| Enter build submenu | 5 | |
| Right click | 12 | |
| Select / deselect | 13 | |
| Use ability | 4 | |
40 total
» units
» buildings
| Farm | 2 | |
| Altar of Kings | 1 | |
| Lumber Mill | 1 | |
4 total
» build order
00:08 Farm
00:12 Altar of Kings
00:16 Farm
01:08 Lumber Mill

»
wizzbang (
orange | 57 APM | 474 actions | 08:18)
3 Blademaster
2 Wind Walk
1 Critical Strike
» actions
| Build / train | 37 | |
| Enter build submenu | 17 | |
| Enter hero's abilities submenu | 4 | |
| Remove unit from queue | 1 | |
| Right click | 221 | |
| Select / deselect | 165 | |
| Use ability | 29 | |
474 total
» units
| Peon | 8 | |
| Grunt | 3 | |
| Troll Headhunter/Berserker | 2 | |
| Shaman | 3 | |
| Troll Witch Doctor | 2 | |
| Tauren | 2 | |
20 total
» upgrades
| Armor | 1 | |
| Shaman Training | 2 | |
| Witch Doctor Training | 2 | |
| Melee Weapons | 1 | |
| Pulverize | 1 | |
7 total
» buildings
| Altar of Storms | 1 | |
| Orc Burrow | 5 | |
| War Mill | 1 | |
| Barracks | 1 | |
| Stronghold | 4 | |
| Watch Tower | 3 | |
| Fortress | 1 | |
| Spirit Lodge | 2 | |
| Great Hall | 2 | |
| Tauren Totem | 1 | |
21 total
» build order
00:13 Altar of Storms
00:18 Orc Burrow
01:07 War Mill
01:13 Orc Burrow
01:17 Orc Burrow
01:59 Barracks
02:27 Orc Burrow
03:23 Stronghold
03:23 Stronghold
03:24 Stronghold
04:31 Orc Burrow
05:34 Watch Tower
05:50 Fortress
05:54 Spirit Lodge
06:42 Spirit Lodge
06:55 Watch Tower
07:29 Great Hall
08:08 Watch Tower
08:16 Tauren Totem
08:18 Great Hall
» items

»
H3X. (
pink | 124 APM | 1033 actions | 08:18)
2 Death Knight
1 Death Coil
1 Unholy Aura
2 Archmage
1 Summon Water Elemental
1 Brilliance Aura
1 Paladin
1 Holy Light
1 Lich
1 Frost Nova
» actions
| Assign group hotkey | 19 | |
| Basic commands | 24 | |
| Build / train | 64 | |
| Enter build submenu | 30 | |
| Enter hero's abilities submenu | 6 | |
| Remove unit from queue | 3 | |
| Right click | 365 | |
| Select / deselect | 265 | |
| Select group hotkey | 200 | |
| Use ability | 57 | |
1033 total
» units
| Acolyte | 4 | |
| Peasant | 2 | |
| Ghoul | 2 | |
| Footman | 5 | |
| Crypt Fiend | 5 | |
| Obsidian Statue | 3 | |
| Priest | 3 | |
| Rifleman | 2 | |
| Mortar Team | 5 | |
| Spell Breaker | 2 | |
| Knight | 3 | |
| Gryphon Rider | 1 | |
37 total
» upgrades
| Creature Attack | 1 | |
| Burrow | 1 | |
| Gunpowder | 1 | |
| Web | 1 | |
4 total
» buildings
| Ziggurat | 5 | |
| Altar of Darkness | 1 | |
| Crypt | 2 | |
| Tomb of Relics | 1 | |
| Barracks | 1 | |
| Graveyard | 1 | |
| Farm | 8 | |
| Scout Tower | 1 | |
| Arcane Tower | 1 | |
| Keep | 1 | |
| Halls of the Dead | 1 | |
| Nerubian Tower | 1 | |
| Blacksmith | 1 | |
| Arcane Vault | 1 | |
| Arcane Sanctum | 1 | |
| Slaughterhouse | 1 | |
| Castle | 1 | |
| Workshop | 1 | |
| Gryphon Aviary | 1 | |
31 total
» build order
00:17 Ziggurat
00:21 Altar of Darkness
00:34 Crypt
00:37 Crypt
01:08 Ziggurat
01:21 Tomb of Relics
01:35 Barracks
01:50 Graveyard
02:12 Farm
02:16 Scout Tower
02:51 Arcane Tower
03:18 Ziggurat
03:29 Keep
03:43 Halls of the Dead
04:20 Nerubian Tower
04:30 Farm
04:36 Blacksmith
04:40 Arcane Vault
04:56 Farm
05:37 Ziggurat
05:56 Arcane Sanctum
06:21 Farm
06:35 Slaughterhouse
07:04 Farm
07:05 Castle
07:38 Ziggurat
07:49 Farm
07:54 Workshop
08:18 Farm
» items
| Rod of Necromancy | 1 | |
| Scroll of Regeneration | 1 | |
| Scroll of Town Portal | 2 | |
4 total
team 2 (winner)

»
brucewillisusa (
purple | 112 APM | 930 actions | 08:18)
4 Death Knight
2 Death Coil
2 Unholy Aura
1 Lich
1 Frost Nova
1 Dreadlord
1 Sleep
» actions
| Assign group hotkey | 61 | |
| Build / train | 47 | |
| ESC pressed | 3 | |
| Enter build submenu | 19 | |
| Enter hero's abilities submenu | 8 | |
| Give item / drop item | 2 | |
| Right click | 335 | |
| Select / deselect | 143 | |
| Select group hotkey | 254 | |
| Use ability | 58 | |
930 total
» units
| Acolyte | 10 | |
| Ghoul | 8 | |
| Frost Wyrm | 5 | |
23 total
» upgrades
| Creature Attack | 2 | |
| Freezing Breath | 1 | |
| Creature Carapace | 1 | |
| Ghoul Frenzy | 1 | |
5 total
» buildings
| Crypt | 1 | |
| Altar of Darkness | 1 | |
| Ziggurat | 8 | |
| Tomb of Relics | 2 | |
| Necropolis | 1 | |
| Nerubian Tower | 1 | |
| Halls of the Dead | 1 | |
| Graveyard | 1 | |
| Black Citadel | 2 | |
| Sacrificial Pit | 1 | |
| Boneyard | 4 | |
23 total
» build order
00:12 Crypt
00:15 Altar of Darkness
00:36 Ziggurat
00:59 Tomb of Relics
01:49 Necropolis
02:17 Ziggurat
02:53 Nerubian Tower
03:30 Halls of the Dead
04:58 Graveyard
05:29 Ziggurat
05:32 Ziggurat
05:59 Black Citadel
06:00 Black Citadel
06:25 Sacrificial Pit
07:48 Ziggurat
07:50 Ziggurat
08:18 Tomb of Relics
» items
| Rod of Necromancy | 2 | |
| Orb of Corruption | 1 | |
3 total
Cyc-of-IEL (
teal | 54 APM | 450 actions | 08:18)
5 Demon Hunter
3 Evasion
2 Mana Burn
1 Priestess of the Moon
1 Trueshot Aura
» actions
| Basic commands | 26 | |
| Build / train | 58 | |
| Enter build submenu | 16 | |
| Enter hero's abilities submenu | 6 | |
| Right click | 134 | |
| Select / deselect | 171 | |
| Use ability | 39 | |
450 total
» units
| Wisp | 25 | |
| Huntress | 7 | |
| Dryad | 3 | |
| Druid of the Claw | 2 | |
37 total
» upgrades
| Strength of the Moon | 1 | |
| Strength of the Wild | 2 | |
| Reinforced Hides | 2 | |
| Abolish Magic | 1 | |
| Druid of the Claw Training | 2 | |
8 total
» buildings
| Moon Well | 6 | |
| Altar of Elders | 1 | |
| Hunter's Hall | 1 | |
| Ancient of War | 2 | |
| Ancient of Wonders | 1 | |
| Tree of Life | 1 | |
| Tree of Ages | 1 | |
| Ancient of Lore | 3 | |
| Tree of Eternity | 1 | |
17 total
» build order
00:20 Moon Well
00:26 Altar of Elders
01:37 Hunter's Hall
01:45 Ancient of War
02:00 Ancient of War
02:12 Moon Well
02:42 Moon Well
02:46 Ancient of Wonders
05:29 Tree of Life
06:43 Tree of Ages
06:48 Moon Well
06:52 Moon Well
07:59 Moon Well
08:18 Tree of Eternity
» items
| Scroll of Town Portal | 1 | |
| Potion of Lesser Invulnerability | 1 | |
| Scroll of Protection | 1 | |
3 total

»
firezibo (
red | 69 APM | 570 actions | 08:18)
4 Archmage
2 Blizzard
2 Brilliance Aura
2 Blood Mage
1 Flame Strike
1 Siphon Mana
» actions
| Assign group hotkey | 9 | |
| Basic commands | 20 | |
| Build / train | 48 | |
| Enter build submenu | 21 | |
| Enter hero's abilities submenu | 6 | |
| Right click | 157 | |
| Select / deselect | 154 | |
| Select group hotkey | 93 | |
| Use ability | 62 | |
570 total
» units
| Peasant | 14 | |
| Footman | 9 | |
| Gryphon Rider | 1 | |
| Sorceress | 1 | |
| Priest | 1 | |
26 total
» upgrades
| Defend | 1 | |
| Lumber Harvesting | 1 | |
| Masonry | 1 | |
| Sorceress Training | 2 | |
| Priest Training | 2 | |
| Storm Hammers | 1 | |
8 total
» buildings
| Altar of Kings | 1 | |
| Farm | 13 | |
| Barracks | 1 | |
| Scout Tower | 1 | |
| Arcane Tower | 1 | |
| Arcane Vault | 1 | |
| Keep | 1 | |
| Lumber Mill | 1 | |
| Castle | 1 | |
| Arcane Sanctum | 2 | |
| Gryphon Aviary | 2 | |
| Town Hall | 1 | |
26 total
» build order
00:17 Altar of Kings
00:22 Farm
00:32 Barracks
00:56 Farm
01:35 Farm
02:03 Scout Tower
02:35 Arcane Tower
02:40 Arcane Vault
02:44 Farm
03:33 Farm
04:16 Keep
04:39 Lumber Mill
05:35 Farm
05:36 Farm
05:36 Farm
07:09 Castle
07:17 Arcane Sanctum
07:19 Arcane Sanctum
07:26 Gryphon Aviary
07:51 Gryphon Aviary
08:18 Farm
» items
| Scroll of Regeneration | 2 | |
| Scroll of Town Portal | 1 | |
3 total
d-swayne (
blue | 113 APM | 936 actions | 08:18)
4 Blademaster
2 Wind Walk
2 Critical Strike
» actions
| Assign group hotkey | 7 | |
| Build / train | 43 | |
| Enter build submenu | 16 | |
| Enter hero's abilities submenu | 5 | |
| Right click | 356 | |
| Select / deselect | 158 | |
| Select group hotkey | 320 | |
| Use ability | 31 | |
936 total
» units
| Peon | 14 | |
| Grunt | 4 | |
| Troll Batrider | 14 | |
32 total
» upgrades
» buildings
| Altar of Storms | 1 | |
| Orc Burrow | 6 | |
| Barracks | 1 | |
| Voodoo Lounge | 1 | |
| Stronghold | 3 | |
| Great Hall | 1 | |
| Fortress | 1 | |
| Beastiary | 4 | |
| War Mill | 1 | |
19 total
» build order
00:17 Altar of Storms
00:23 Orc Burrow
01:20 Barracks
01:23 Orc Burrow
01:54 Voodoo Lounge
02:53 Stronghold
02:53 Stronghold
02:53 Stronghold
05:26 Great Hall
05:35 Fortress
05:38 Beastiary
05:43 Beastiary
05:47 War Mill
07:17 Beastiary
07:22 Orc Burrow
07:49 Orc Burrow
08:18 Beastiary
Chat log
(00:04 / Allies) firezibo: foots
(00:05 / All) brucewillisusa: throw some ds
(00:09 / Allies) firezibo: to
(00:12 / Allies) firezibo: will seee
(01:17 / All) brucewillisusa: GRAN
(01:21 / Allies) firezibo: watch the rush
(01:32 / Allies) d-swayne: teals techin
(01:41 / Allies) brucewillisusa: huh
(01:43 / Allies) firezibo: maybe noty
(01:46 / Allies) firezibo: hunts
(01:54 / Allies) firezibo: he is getting hunts
(02:00 / Allies) d-swayne: yei see
(02:01 / Allies) d-swayne: now
(02:04 / Allies) brucewillisusa: why do u need to tell us what teals doin
(02:11 / Allies) firezibo: lol
(02:13 / Allies) d-swayne: ok tough guy
(02:24 / Allies) brucewillisusa: ???
(05:11 / Allies) firezibo: wanna creep middle?
(05:20 / Allies) Cyc-of-IEL: ya in a sec
(08:04 / Allies) firezibo: they are expoing
(08:05 / Allies) firezibo: check that
(08:18 / Allies) firezibo: im out